 Dungeon Crawl Stone Soup version 0.19-a0-1513-gf6d23ed (webtiles) character file.

49 AlphabetPasta the Ducker (level 3, -4/26 HPs)
             Began as a Minotaur Enchanter on Sept 12, 2016.
             Slain by a hobgoblin
             ... wielding a +0 club
             ... led by Robin
              (7 damage)
             ... on level 2 of the Dungeon.
             The game lasted 00:05:03 (1465 turns).

AlphabetPasta the Ducker (Minotaur Enchanter)       Turns: 1465, Time: 00:05:06

Health: -4/26      AC:  3    Str: 11 (12) XL:     3   Next: 51%
Magic:  4/4        EV: 12    Int: 15 (18) God:
Gold:   7          SH:  0    Dex:  8 (10) Spells: 2 memorised, 2 levels left

rFire  . . .     SeeInvis .     b - +1 short sword (venom)
rCold  . . .     Gourm    .     r - +1 robe
rNeg   . . .     Faith    .     (no shield)
rPois  .         Spirit   .     (helmet restricted)
rElec  .         Dismiss  .     (no cloak)
rCorr  .         Reflect  .     (no gloves)
MR     .....     Harm     .     (no boots)
Stlth  ++........               (no amulet)
                                (no ring)
                                (no ring)

@: brilliant
A: retaliatory headbutt, horns 2
a: no special abilities


You were on level 2 of the Dungeon.
You were not hungry.

You visited 1 branch of the dungeon, and saw 2 of its levels.

You collected 7 gold pieces.

Inventory:

Hand Weapons
 a - a +1 dagger
 b - a +1 short sword of venom (weapon)
Armour
 r - a +1 robe (worn)
Wands
 n - a wand of paralysis (13/24)
Scrolls
 h - 3 scrolls of enchant armour {unknown}
 k - a scroll of magic mapping {unknown}
 p - 2 scrolls of teleportation {unknown}
 q - a scroll of blinking {unknown}
 t - a scroll of fog {unknown}
Potions
 g - a potion of agility {unknown}
 m - a potion of invisibility {unknown}
 o - a potion of flight {unknown}
Books
 c - a book of Maledictions

   Spells                             Type                      Level
   a - Corona                         Hexes                        1
   b - Ensorcelled Hibernation        Hexes/Ice                    2
   c - Confuse                        Hexes                        3
   d - Tukima's Dance                 Hexes                        3
   e - Dazzling Spray                 Conjuration/Hexes            3
Comestibles
 d - 3 bread rations
 i - a beef jerky
 j - a slice of pizza
 l - 2 meat rations
 s - 3 chunks of flesh


   Skills:
 + Level 1.2 Short Blades
 + Level 2.9 Dodging
 + Level 2.8 Stealth
 + Level 1.5 Spellcasting
 * Level 2.3 Hexes
 + Level 0.4 Ice Magic


You had 2 spell levels left.
You knew the following spells:

 Your Spells              Type           Power        Failure   Level  Hunger
a - Corona                Hex            ###....      1%          1    ##.....
b - Ensorcelled Hibernat  Hex/Ice        ##....       2%          2    ###....


Dungeon Overview and Level Annotations

Branches:
Dungeon (2/15)

Altars:

Annotations:
D:2 Robin


Innate Abilities, Weirdness & Mutations

You reflexively headbutt those who attack you in melee.
You have a pair of horns on your head.


Message History

You enter a teleport trap!
The teleport trap disappears.
Your surroundings seem slightly different.
The goblin hits you.
* * * LOW HITPOINT WARNING * * *
The hobgoblin misses you.
A goblin comes into view.
Unknown command.
It was a potion of degeneration.
There was something very wrong with that liquid.
You feel weakened.
You feel dopey.
You feel clumsy. The goblin hits you.
* * * LOW HITPOINT WARNING * * *
The hobgoblin hits you but does no damage.
It was a potion of brilliance.
You feel clever all of a sudden.
The goblin moves out of view.
Robin roars a battlecry!
The hobgoblin goes into a battle-frenzy!
The goblin closely misses you. The hobgoblin hits you with a club!
You die...

g.#..........#..
#)###.####.###.#
#g# #.# #.# #.#
#.# #.# #.# #.#
#)###.####.###.#
#g#...g..g...#.#
#†#.#.####.#.#.#
#.#...# #..g#g#
#g†#### ####g@#
#### ####


You could see Robin, 2 hobgoblins and a goblin.

Vanquished Creatures
  An adder (D:2)
  4 bats
  3 giant cockroaches
  6 goblins
  6 hobgoblins
  6 jackals
  2 kobolds (D:1)
  5 rats (D:1)
33 creatures vanquished.

Notes
Turn   | Place    | Note
-------+----------+-------------------------------------------
     0 | D:1      | AlphabetPasta the Minotaur Enchanter began the quest for the Orb.
     0 | D:1      | Reached XP level 1. HP: 14/14 MP: 1/1
   217 | D:1      | Reached XP level 2. HP: 16/20 MP: 3/3
   235 | D:1      | Learned a level 2 spell: Ensorcelled Hibernation
  1004 | D:2      | Reached XP level 3. HP: 13/26 MP: 1/4
  1427 | D:2      | Noticed Robin
  1465 | D:2      | Slain by a hobgoblin

Vault maps used:
D:1:      elethiomel_arrival_infinity_welcomes_careful_drivers,
          item_on_display_a
D:2:      roderic_st_hans_cross, roderic_ancient_swastika,
          minmay_rat_gold_closets, uniq_robin, uniq_sigmund

Action                   || total
-------------------------++-------
Melee: Dagger            ||    59
       Headbutt          ||     4
       Short sword       ||    18
 Cast: Ensorcelled Hiber ||     3
       Corona            ||     1
  Use: Potion            ||     2
 Stab: Sleeping          ||     5
       Distracted        ||     1
  Eat: Chunk             ||     2
Armor: Robe              ||    19
Dodge: Dodged            ||    57
